 Dungeon Crawl Stone Soup version 0.18-a0-902-g8738618 (webtiles) character file.

44 Jmtri7 the Charlatan (level 3, -2/26 HPs)
             Began as a Formicid Artificer on Dec 25, 2015.
             Slain by a gnoll
             ... wielding a +0 halberd
              (11 damage)
             ... in a bailey.
             The game lasted 00:04:04 (813 turns).

Jmtri7 the Charlatan (Formicid Artificer)            Turns: 813, Time: 00:04:04

Health: -2/26      AC:  6    Str: 16    XL:     3   Next: 85%
Magic:  6/6        EV:  6    Int: 11    God:
Gold:   37         SH:  0    Dex: 11    Spells: 0 memorised, 2 levels left

rFire  . . .     SeeInvis +     l - +0 trident
rCold  + + .     Gourm    .     i - +1 ring mail of Lies {rC++} (curse)
rNeg   . . .     Faith    .     (no shield)
rPois  .         Spirit   .     (helmet unavailable)
rElec  .         Dismiss  .     (no cloak)
rCorr  .         Reflect  .     (no gloves)
SustAt .         Harm     .     (no boots)
MR     .....                    (no amulet)
Stlth  +.........               (no ring)
                                (no ring)

@: held, not resistant to hostile enchantments, very unstealthy
A: permanent stasis, dig shafts and tunnels, four strong arms, antennae 3
a: Dig, Shaft Self


You were in a bailey.
You were very hungry.

You visited 1 branch of the dungeon, and saw 7 of its levels.
You also visited: Bailey.

You collected 37 gold pieces.

Inventory:

Hand Weapons
 l - a +0 trident (weapon)
Armour
 g - a +0 ring mail
 i - the cursed +1 ring mail of Lies (worn) {rC++}
   (You found it on level 6 of the Dungeon)

   It greatly protects you from cold.
   It has a curse placed upon it.
Wands
 c - a wand of flame (11/48)
 d - a wand of enslavement (11/24)
 e - a wand of random effects (15/48)
Scrolls
 b - a scroll of remove curse {unknown}
 j - a scroll of enchant armour {unknown}
 k - a scroll of identify {unknown}
Potions
 h - a potion of curing {unknown}
Comestibles
 f - a bread ration


   Skills:
 + Level 1.1 Fighting
   Level 1.0 Short Blades
 + Level 0.0 Armour
 - Level 1.7 Dodging
 - Level 1.2 Stealth
 - Level 4.9 Evocations


You had 2 spell levels left.
You didn't know any spells.

Dungeon Overview and Level Annotations

Branches:
Dungeon (7/15)
 Temple: D:4-7

Altars:


Innate Abilities, Weirdness & Mutations

You are under a permanent stasis effect.
You can dig through walls and to a lower floor.
Your four strong arms can wield two-handed weapons with a shield.
You have a pair of large antennae on your head (SInv).


Message History

Found 26 gold pieces.
A gnoll shaman comes into view. It is wielding a trident.
Zapping:
d - a wand of enslavement (12/24)
Press: ? - help, Shift-Dir - straight line, f - gnoll
Aim: a gnoll, wielding a spear and wearing a ring mail (chance to defeat MR: 65%)
The gnoll is charmed.
This wand has 11 charges left.
The gnoll shaman shouts!
Drop what? 11/52 slots (_ for help) (? for menu, Esc to quit)
Okay, then.
Zapping:
d - a wand of enslavement (11/24)
Press: ? - help, Shift-Dir - straight line, f - gnoll sergeant, p - gnoll
Aim: a gnoll sergeant, wielding a halberd and wearing a chain mail (chance to defeat MR: 56%) Really fire in your gnoll's direction?
Okay, then.
The gnoll hits you from afar with a halberd!
Your gnoll hits the gnoll but does no damage.
You try to slip out of the net.
The gnoll hits you from afar with a halberd.
The gnoll hits you from afar with a halberd!
You die...

♣♣≈≈... ♣.≈..# {
♣♣.≈..# { ♣♣..≈..# { {
♣...≈..# {{ ###
♣...≈..# { ...#
♣♣...≈..##### .....
#♣♣♣....)..'...#gg.$..
#∩.(∩..÷...'..@gggg8..
#♣♣♣...)...'...#g..$..
♣♣...≈..##### .....
♣♣..≈..# { ...#
♣..≈..# { ### ♣..≈..#
{ ♣♣.≈..# { ♣.≈..# { {
♣♣≈≈..


You could see 2 gnoll sergeants, a gnoll shaman, 3 gnolls and a friendly gnoll.

Vanquished Creatures
  A hound (Bailey)
  A hound skeleton (D:8)
  A worm (D:2)
  A giant gecko (D:2)
  A hobgoblin (D:2)
5 creatures vanquished.

Vanquished Creatures (collateral kills)
  A hound (Bailey)
  2 gnolls (Bailey)
  A worm (D:2)
4 creatures vanquished.

Grand Total: 9 creatures vanquished

Notes
Turn   | Place    | Note
--------------------------------------------------------------
     0 | D:1      | Jmtri7 the Formicid Artificer began the quest for the Orb.
     0 | D:1      | Reached XP level 1. HP: 15/15 MP: 3/3
     3 | D:1      | You fall through a shaft!
   170 | D:2      | Reached XP level 2. HP: 9/21 MP: 4/4
   173 | D:2      | You fall through a shaft for 2 floors!
   349 | D:5      | Entered Level 5 of the Dungeon
   353 | D:5      | You fall through a shaft!
   357 | D:6      | Got a dazzling ring mail
   368 | D:6      | Identified the cursed +1 ring mail of Lies {rC++} (You found it on level 6 of the Dungeon)
   431 | D:7      | Noticed a wasp
   431 | D:7      | Noticed a wight
   436 | D:7      | You fall through a shaft!
   436 | D:8      | Found a flagged portal.
   445 | D:8      | Reached skill level 4 in Evocations
   445 | D:8      | Reached XP level 3. HP: 8/26 MP: 4/6
   456 | Bailey   | Entered a bailey
   463 | Bailey   | HP: 1/26 [gnoll/spear (2)]
   508 | Bailey   | HP: 1/26 [hound (2)]
   810 | Bailey   | Noticed a gnoll sergeant
   810 | Bailey   | Noticed a gnoll sergeant
   813 | Bailey   | Slain by a gnoll

Vault maps used:
D:1:      scummos_arrival_forest
D:2:      old_standard_altar
D:4:      temple_green, nrook_uturn
D:5:      grunt_pakellas_mercury, first_bread, lemuel_old_faithful
D:6:      nicolae_overflow_hidden_temple
D:7:      nicolae_overflow_crystal_walls, old_standard_altar
D:8:      lemuel_round_altar, lightli_temple_of_fire, enter_bailey_2,
          special_room, basic_altar, grunt_ogre_cave, hangedman_ru_absence
Bailey:   bailey_polearm_gnolls_kennysheep, bailey

Action                   || total
-------------------------++-------
Melee: Short sword       ||    45
 Abil: Shaft Self        ||     4
       Dig               ||     1
Evoke: Wand              ||     8
